 Dungeon Crawl Stone Soup version 0.30-a0-737-gf23d94013f (webtiles) character file.

Game seed: 7304023191092476498

11395 kae the Transmogrifier (level 11, -3/92 HPs)
             Began as a Purple Draconian Transmuter on Feb 1, 2023.
             Was an Elder of Ru.
             Slain by a rakshasa (illusionary)
             ... wielding a +0 trident
              (8 damage)
             ... on level 11 of the Dungeon.
             The game lasted 00:11:21 (12602 turns).

kae the Transmogrifier (DrTm)                      Turns: 12602, Time: 00:11:22

Health: -3/92      AC: 11    Str: 13    XL:     11   Next: 48%
Magic:  17/24      EV: 10    Int: 23    God:    Ru [****..]
Gold:   581        SH:  5    Dex: 12    Spells: 19/29 levels left

rFire   x . .      SeeInvis .      - Unarmed
rCold   + + +      Faith    .    (shield currently unavailable)
rNeg    . . .      Spirit   .    (body armour unavailable)
rPois   +          Reflect  +    (helmet currently unavailable)
rElec   .          Harm     .    (cloak currently unavailable)
rCorr   .          Rampage  .    (gloves currently unavailable)
Will    +....                    (boots currently unavailable)
Stlth   +                        s - amulet of reflection
HPRegen 0.35/turn                I - +6 ring of intelligence
MPRegen 0.19/turn                P - ring of poison resistance

@: exhausted, ice-form
A: freezing attack, amphibious, boosted hp, (breathe power), AC +7, large,
unfitting armour, (cold-blooded), inability to use devices, hated by all,
disrupted magic 1
a: End Transformation, Renounce Religion, Draw Out Power, Power Leap


You were on level 11 of the Dungeon.
You worshipped Ru.
Ru was greatly pleased with you.
You were a creature of crystalline ice.
You visited 2 branches of the dungeon, and saw 12 of its levels.

You collected 581 gold pieces.


Innate Abilities, Weirdness & Mutations

You are a creature of crystalline ice.
You have a powerful freezing melee attack.
You are amphibious.
Your maximum health is increased.
Your armour is entirely melded.
You are incapable of wielding weapons or throwing items.
((You can breathe bolts of dispelling energy.))
((Your rich purple scales are hard. (AC +7)))
You cannot fit into any form of body armour.
((You are cold-blooded and may be slowed by cold attacks.))
You cannot study or use magical devices.
You are hated by all.
Your casting is slightly disrupted.


   Skills:
 - Level 1.1 Fighting
 - Level 1.7 Dodging
 + Level 9.0 Unarmed Combat
 + Level 9.5 Spellcasting
 * Level 12.2 Transmutations
 - Level 6.0 Ice Magic
 - Level 6.5 Poison Magic


You had 19 spell levels left.
You knew the following spells:

 Your Spells              Type           Power      Damage    Failure   Level
a - Beastly Appendage     Tmut           100%       N/A       1%          1
b - Wereblood             Tmut           61%        N/A       1%          2
c - Spider Form           Tmut/Pois      52%        N/A       1%          3
d - Ice Form              Ice/Tmut       52%        N/A       2%          4

Your spell library contained the following spells:

 Spells                   Type           Power      Damage    Failure   Level
 Alistair's Intoxication  Tmut/Pois      34%        N/A       6%          5
 Apportation              Tloc           22%        N/A       10%         1
 Slow                     Hex            44%        N/A       10%         1
 Blink                    Tloc           22%        N/A       13%         2
 Lesser Beckoning         Tloc           22%        N/A       13%         2
 Momentum Strike          Conj/Tloc      22%        3d8       13%         2
 Confusing Touch          Hex            11%        N/A       26%         3
 Dazzling Flash           Conj/Hex       22%        N/A       26%         3
 Vampiric Draining        Necr           11%        2d6       26%         3
 Iskenderun's Mystic Bla  Conj/Tloc      11%        2d4       61%         4
 Starburst                Conj/Fire      5%         6d4       100%        6

Inventory:

Missiles
 e - 77 stones
 h - a throwing net {=f!f}
 j - 8 boomerangs
 w - 6 javelins
 y - 7 poisoned darts
 z - 2 curare-tipped darts {=f}
 E - 6 atropa-tipped darts
Armour
 q - a +1 cloak of willpower (melded)
   (You took it off Crazy Yiuf on level 3 of the Dungeon)
Magical Staves
 B - a staff of death {!a}
   (You found it on level 8 of the Dungeon)
Jewellery
 s - an amulet of reflection (around neck)
   (You found it on level 4 of the Dungeon)
 A - an amulet of the acrobat
   (You found it on level 9 of the Dungeon)
 I - a +6 ring of intelligence (left front paw)
   (You found it on level 3 of the Dungeon)
 P - a ring of poison resistance (right front paw)
   (You found it on level 5 of the Dungeon)
 T - an amulet of faith {!P}
   (You found it on level 2 of the Dungeon)
Wands
 d - a wand of roots (38)
   (You found it on level 2 of the Dungeon)
 i - a wand of flame (2)
   (You found it on level 2 of the Dungeon)
 r - a wand of charming (10)
   (You found it on level 7 of the Dungeon)
 C - a wand of acid (7)
   (You found it on level 8 of the Dungeon)
 D - a wand of polymorph (7)
   (You found it on level 7 of the Dungeon)
Scrolls
 m - 3 scrolls of enchant weapon
 n - 5 scrolls of vulnerability {!r!r}
 u - 4 scrolls of teleportation {@r4}
 x - a scroll of blinking {!r}
 K - a scroll of poison
 L - a scroll of magic mapping {!r}
 M - a scroll of silence {!r}
 O - a scroll of fear
Potions
 a - 2 potions of lignification {!q}
 b - 5 potions of heal wounds {@q2}
 c - a potion of magic {unknown}
 f - a potion of mutation {!q}
 g - 9 potions of curing {@q1}
 k - a potion of attraction {!q}
 l - 2 potions of might
 o - 2 potions of flight
 p - 3 potions of ambrosia
 t - 4 potions of degeneration {!q}
 v - 2 potions of berserk rage {!q}
 F - 3 potions of resistance {unknown}
 G - a potion of brilliance {unknown}
 J - a potion of cancellation {unknown}
Miscellaneous
 H - a phial of floods
   (You found it on level 9 of the Dungeon)
 N - a lightning rod (4/4)
   (You found it on level 11 of the Dungeon)

Dungeon Overview and Level Annotations

Branches:
Dungeon (11/15) Zot: 26466  Temple (1/1) D:4 Zot: 5938    Lair (0/5) D:9
    Orc (0/2) D:10

Altars:
Ashenzari
Cheibriados
Dithmenos
Elyvilon
Gozag
Kikubaaqudgha
Makhleb
Nemelex Xobeh
Okawaru
Qazlal
Ru
Sif Muna
Trog
Uskayaw
Vehumet
Wu Jian
Xom
Zin

Shops:
D:2 (   D:3 (((   D:10 *

Annotations:
D:9 6 transporters
Temple 2 transporters

#....# #....#
#....########
#............
###########............
...........)...........
#................###
#................#..
#..YR............#..
#...R............#..
#................#..
..................#..
...................#..
.......#######.......###
.......# #.... #......#
#.... #....


You could see 2 rakshasas.


Message History

You punch the gargoyle! You freeze the gargoyle.
The gargoyle begins to attack, but is stunned by your conviction! 😕 HP[+1]
You hit the gargoyle but do no damage.
The gargoyle hits you with a +0 morningstar! 😮 HP[-17]
You take 17 damage, and now have 56/92 hp.
You are too injured to fight recklessly!
You are too injured to fight recklessly!
Unknown command.
You are too injured to fight recklessly!
You are too injured to fight recklessly!
You hit the gargoyle but do no damage. You hit the gargoyle.
You freeze the gargoyle.
You destroy the gargoyle!
Your Unarmed Combat skill increases to level 9! 😮 HP[+1] MP[+1] Unknown command.
Key pressed, stopping explore.
Unknown command. 😕 HP[+13] MP[+2]
You regained 13 hp, and now have 70/92 hp.
Your mp is fully restored (24).
Your transformation is almost over.
You warm up again.
Your +1 cloak of willpower unmelds from your body.
You feel strong-willed.
Key pressed, stopping explore.
d - a wand of roots (38) (gained 4 charges)
You see here a +0 morningstar.
A rakshasa comes into view. It is wielding a +0 trident.
The rakshasa begins to attack, but is stunned by your conviction! 😎 HP[+7]
You now have 77 max hp (-15).
Your hp is fully restored (77).
A rakshasa is nearby!
A rakshasa is nearby!
A rakshasa is nearby!
A rakshasa is nearby!
Casting: Ice Form (dangerous; 2% risk of failure)
Confirm with . or Enter, or press ? or * to list all spells.
You turn into a creature of crystalline ice.
Your +1 cloak of willpower melds into your body.
You feel less strong-willed. 😎 HP[+15] MP[-4]
You now have 92 max hp (+15).
Your hp is fully restored (92).
You lost 4 mp, and now have 20/24 mp.
All monsters which could be auto-targeted are covered by a wall or statue which interrupts your line of fire, even though it doesn't interrupt your line of sight.
Aiming: Power Leap
Press: ? - help, Dir - move target Out of range.
Okay, then.
Aiming: Power Leap
Press: ? - help, Dir - move target The rakshasa blinks! 😎 MP[-5]
You lost 5 mp, and now have 15/24 mp.
The rakshasa gestures at you.
The lance of force reflects off an invisible shield around you!
The lance of force hits the rakshasa. 😎 MP[+1] Unknown command.
The rakshasa hits you with a +0 trident. 😕 HP[-5]
You take 5 damage, and now have 87/92 hp.
Unknown command.
You closely miss the rakshasa.
The rakshasa hits you with a +0 trident! 😕 HP[-17]
You take 17 damage, and now have 70/92 hp.
Unknown command.
You hit the rakshasa. You freeze the rakshasa.
The injured rakshasa weaves a defensive illusion!
The rakshasa blinks!
The rakshasa hits you with a +0 trident! 😮 HP[-13]
You take 13 damage, and now have 57/92 hp.
Unknown command.
You hit the rakshasa but do no damage. You block the rakshasa's attack.
The rakshasa hits you with a +0 trident! 😮 HP[-8]
You take 8 damage, and now have 49/92 hp.
Unknown command.
You punch the rakshasa! You freeze the rakshasa.
You kill the rakshasa!
The rakshasa shimmers and vanishes!
The rakshasa blinks! 😮 HP[+1] MP[+1] Unknown command.
The rakshasa hits you from afar with a +0 trident!
* * * LOW HITPOINT WARNING * * *
You focus your inner power and illuminate the rakshasa in retribution!
The rakshasa blinks! 😨 HP[-16]
You take 16 damage, and now have 34/92 hp.
Unknown command.
The rakshasa gestures at you. The lance of force hits you!!
* * * LOW HITPOINT WARNING * * *
The rakshasa hits you with a +0 trident!
You die...

Skill      XL: |  1  2  3  4  5  6  7  8  9 10 11 |
---------------+----------------------------------+-----
Transmutations | 3 7 8 9 11 12 | 12.2
Poison Magic   | 1 6 |  6.5
Unarmed Combat | 5 6 7 8 9 |  9.0
Spellcasting   | 4 5 6 7 8 9 |  9.5
Ice Magic      | 1 2 4 5 6 |  6.0
Fighting       | |  1.1
Dodging        | |  1.7

Action                     |  1- 3 |  4- 6 |  7- 9 | 10-12 || total
---------------------------+-------+-------+-------+-------++-------
  Melee: Unarmed           |   109 |    87 |   302 |   355 ||   853
         Kick              |    17 |     3 |       |       ||    20
         Tailslap          |    10 |     5 |     1 |       ||    16
         Headbutt          |    11 |       |       |       ||    11
         Punch             |     1 |       |       |       ||     1
   Cast: Beastly Appendage |    26 |     7 |       |       ||    33
         Spider Form       |       |     3 |     9 |     1 ||    13
         Ice Form          |       |     2 |    32 |    29 ||    63
         Wereblood         |       |     2 |    10 |    11 ||    23
 Invoke: Sacrifice Artific |       |       |     1 |       ||     1
         Sacrifice Love    |       |       |     1 |       ||     1
         Draw Out Power    |       |       |       |     2 ||     2
         Power Leap        |       |       |       |     1 ||     1
         Sacrifice Essence |       |       |       |     1 ||     1
Ability: Breathe Dispellin |       |       |     1 |       ||     1
  Evoke: Wand              |       |       |     9 |       ||     9
    Use: Scroll            |     3 |     3 |     8 |     3 ||    17
         Potion            |       |     2 |     2 |       ||     4
   Stab: Distracted        |       |       |       |     1 ||     1
 Armour: Skin              |    47 |    27 |   116 |   131 ||   321
  Dodge: Dodged            |    74 |    55 |   164 |   161 ||   454
  Block: Other             |       |       |    67 |    93 ||   160
         Reflection        |       |       |     2 |     2 ||     4

Levels and vault maps discovered:
D:1:      saegor_arrival_simple_d, layout_loops_corners,
          wander_ebering_terrifying_dragon_lair
D:2:      minmay_roachtagon, layout_loops_ring, serial_shops,
          nicolae_shop_hallway_plus, amcnicky_mini_pool_small
D:3:      layout_loops_ring, serial_shops,
          nicolae_shop_temple_entry_statues_fountains, shop,
          nicolae_diamond_shop, uniq_crazy_yiuf_cottage, uniq_ijyb
D:4:      layout_rooms, nicolae_wu_jian_glorious_leap,
          minmay_temple_entry_nine_rooms, serial_bayou_pond_a,
          hangedman_abyss_or_decor_passed, roderic_serpentine_path,
          minmay_lizard_king
D:5:      cheibrodos_two_vegetables, layout_basic, old_standard_altar,
          mainiacjoe_overflow_tiny_flanked, uniq_eustachio, uniq_edmund,
          uniq_sigmund, uniq_menkaure
D:6:      layout_rooms, mainiacjoe_overflow_small_starburst
D:7:      layout_basic, uniq_joseph
D:8:      layout_basic, mainiacjoe_overflow_catwalk_spiral,
          mainiacjoe_overflow_concentric_impassable
D:9:      layout_cave_pods, lair_entry_dummy, serial_nicolae_subway,
          nicolae_sub_station_metal, nicolae_sub_station_crystal,
          nicolae_sub_station_stone
D:10:     minmay_statue_hallways, layout_irregular_city,
          nicolae_kikubaaqudgha_miasma_corner, zin_academy, zombieorc2_lemuel,
          minmay_hedge_maze, roderic_roman_lattice, nicolae_alphabet_shops,
          st_stairs_2
D:11:     layout_irregular_city, lightli_orcish_oven
Temple:   hellmonk_temple_divided_pantheon

Notes
Turn   | Place    | Note
-------+----------+-------------------------------------------
     0 | D:1      | kae the Draconian Transmuter began the quest for the Orb.
     0 | D:1      | Reached XP level 1. HP: 16/16 MP: 3/3
     0 | D:1      | magus.rc [v1.11.3]
   379 | D:1      | Reached XP level 2. HP: 14/23 MP: 3/5
   527 | D:1      | You pick up a book of Spectacle and begin reading...
   527 | D:1      | You add the spells Dazzling Flash, Iskenderun's Mystic
                  | Blast and Starburst to your library.
  1010 | D:1      | Learned a level 2 spell: Wereblood
  1070 | D:2      | Reached XP level 3. HP: 27/28 MP: 4/6
  1076 | D:2      | Learned a level 3 spell: Spider Form
  1087 | D:2      | Found Ekeuj's Antique Weapon Shop.
  1164 | D:2      | Reached skill level 3 in Transmutations
  1972 | D:3      | Found Nunnede's Weapon Boutique.
  2057 | D:3      | Reached skill level 1 in Poison Magic
  2057 | D:3      | Reached XP level 4. HP: 32/35 MP: 5/7
  2167 | D:3      | HP: 7/35 [dart slug/slug dart (2)]
  2169 | D:3      | Identified a potion of experience
  2169 | D:3      | Reached skill level 5 in Unarmed Combat
  2169 | D:3      | Reached skill level 4 in Spellcasting
  2169 | D:3      | Reached skill level 7 in Transmutations
  2169 | D:3      | Reached skill level 6 in Poison Magic
  2169 | D:3      | Reached XP level 5. HP: 8/40 MP: 8/12
  2169 | D:3      | HP: 3/40 [orc/+0 club (1)]
  2222 | D:3      | Learned a level 4 spell: Ice Form
  2250 | D:3      | Found Pouff's Weapon Emporium.
  2466 | D:3      | Found Roxtuc's Weapon Emporium.
  2606 | D:3      | Noticed Ijyb
  2627 | D:3      | Killed Ijyb
  2780 | D:3      | Found a runed translucent door.
  2781 | D:3      | Noticed Crazy Yiuf
  2788 | D:3      | Killed Crazy Yiuf
  2789 | D:3      | Reached skill level 5 in Spellcasting
  2965 | D:4      | Noticed a phantom
  2969 | D:4      | Noticed an ogre
  2971 | D:4      | Reached XP level 6. HP: 47/47 MP: 6/13
  2981 | D:4      | Reached skill level 1 in Ice Magic
  2983 | D:4      | Reached skill level 6 in Unarmed Combat
  2986 | D:4      | Your scales start taking on a rich purple colour.
  2986 | D:4      | Reached skill level 6 in Spellcasting
  2986 | D:4      | Reached XP level 7. HP: 29/52 MP: 9/16
  3090 | D:4      | Reached skill level 2 in Ice Magic
  3613 | D:4      | Reached skill level 8 in Transmutations
  3643 | D:4      | Found a staircase to the Ecumenical Temple.
  3676 | Temple   | Entered the Ecumenical Temple
  3676 | Temple   | Found a transporter.
  3676 | Temple   | Found a transporter.
  3703 | Temple   | Found a transporter.
  3703 | Temple   | Found a transporter.
  3722 | Temple   | Became a worshipper of Ru the Awakened
  4052 | D:4      | Found an ornate altar of the Wu Jian Council.
  4080 | D:5      | Entered Level 5 of the Dungeon
  4260 | D:5      | Found a bloodstained altar of Trog.
  4276 | D:5      | Reached XP level 8. HP: 55/59 MP: 17/17
  4350 | D:5      | Reached skill level 3 in Ice Magic
  4576 | D:5      | Noticed Sigmund
  4576 | D:5      | Noticed Eustachio
  4591 | D:5      | Killed Eustachio
  4594 | D:5      | Killed Sigmund
  4684 | D:5      | You pick up a book of Spatial Translocations and begin
                  | reading...
  4684 | D:5      | You add the spells Blink, Momentum Strike and Lesser
                  | Beckoning to your library.
  4795 | D:5      | Found a snail-covered altar of Cheibriados.
  4833 | D:5      | Noticed Edmund
  4845 | D:5      | Killed Edmund
  4847 | D:5      | Reached skill level 4 in Ice Magic
  4905 | D:5      | Noticed Menkaure
  4913 | D:5      | Killed Menkaure
  5286 | D:5      | Reached XP level 9. HP: 57/64 MP: 19/19
  5286 | D:5      | Gained mutation: You cannot study or use magical devices.
                  | [Ru sacrifice]
  5286 | D:5      | Reached * piety under Ru
  5286 | D:5      | Reached ** piety under Ru
  5714 | D:6      | Reached skill level 7 in Spellcasting
  5818 | D:6      | HP: 15/76 [bullfrog (7)]
  5824 | D:6      | HP: 9/76 [orc/+0 mace (1)]
  5827 | D:6      | Reached skill level 9 in Transmutations
  5829 | D:6      | HP: 15/76 [scorpion (1)]
  6001 | D:6      | HP: 19/76 [kobold/+0 club (3)]
  6006 | D:6      | HP: 17/76 [kobold/+0 dagger (1)]
  6009 | D:6      | HP: 5/76 [gnoll/+0 spear[a gnoll bouda] (4)]
  6010 | D:6      | HP: 2/76 [gnoll/+0 spear[a gnoll bouda] (2)]
  6017 | D:6      | HP: 18/76 [gnoll bouda/+0 club (1)]
  6291 | D:6      | Reached skill level 5 in Ice Magic
  6551 | D:6      | Found a broken altar of Ashenzari.
  6776 | D:7      | Reached skill level 7 in Unarmed Combat
  7039 | D:7      | You pick up a book of Party Tricks and begin reading...
  7039 | D:7      | You add the spells Apportation and Alistair's Intoxication
                  | to your library.
  7170 | D:7      | HP: 18/76 [gnoll sergeant/+0 spear of flaming (3)]
  7378 | D:7      | Noticed Joseph
  7391 | D:7      | Killed Joseph
  7926 | D:8      | Gained mutation: You are hated by all. [Ru sacrifice]
  7926 | D:8      | Reached *** piety under Ru
  7984 | D:8      | Reached XP level 10. HP: 71/71 MP: 15/21
  7990 | D:8      | Reached skill level 6 in Ice Magic
  8000 | D:8      | Reached skill level 10 in Transmutations
  8117 | D:8      | You pick up a book of Debilitation and begin reading...
  8117 | D:8      | You add the spells Slow, Vampiric Draining and Confusing
                  | Touch to your library.
  8174 | D:8      | Found a stormy altar of Qazlal.
  8228 | D:8      | Found a hide-covered altar of Uskayaw.
  8655 | D:9      | Found a staircase to the Lair.
  8673 | D:9      | Reached skill level 8 in Spellcasting
  8890 | D:9      | Found a transporter.
  8894 | D:9      | Found a transporter.
  9217 | D:9      | Reached skill level 8 in Unarmed Combat
  9457 | D:9      | Noticed a two-headed ogre
  9466 | D:9      | Killed a two-headed ogre
  9467 | D:9      | Reached skill level 11 in Transmutations
  9678 | D:9      | Found a transporter.
  9683 | D:9      | Found a transporter.
  9737 | D:9      | Found a transporter.
  9746 | D:9      | Found a transporter.
 10262 | D:10     | Entered Level 10 of the Dungeon
 10378 | D:10     | Noticed an ice statue
 10517 | D:10     | Killed an ice statue
 10518 | D:10     | Reached XP level 11. HP: 77/77 MP: 23/23
 10667 | D:10     | Found a glowing silver altar of Zin.
 10739 | D:10     | Found an ancient bone altar of Kikubaaqudgha.
 10824 | D:10     | Found Nerr's Needful Niceties.
 10873 | D:10     | HP: 16/82 [ogre zombie (7)]
 10885 | D:10     | Gained mutation: Your casting is slightly disrupted. [Ru
                  | sacrifice]
 10885 | D:10     | Reached **** piety under Ru
 10920 | D:10     | HP: 17/75 [troll zombie (6)]
 10929 | D:10     | Reached skill level 9 in Spellcasting
 11103 | D:10     | Found a staircase to the Orcish Mines.
 11513 | D:10     | Noticed a two-headed ogre
 11521 | D:10     | Killed a two-headed ogre
 12109 | D:11     | Noticed a purple ugly thing
 12111 | D:11     | HP: 23/92 [yak (5)]
 12122 | D:10     | HP: 18/92 [yak (7)]
 12124 | D:10     | Reached skill level 12 in Transmutations
 12332 | D:11     | Killed a purple ugly thing
 12482 | D:11     | Reached skill level 9 in Unarmed Combat
 12589 | D:11     | Noticed a rakshasa
 12602 | D:11     | HP: 5/92 [rakshasa/lance of force (29)]
 12602 | D:11     | Slain by a rakshasa (illusionary)

Vanquished Creatures
  2 two-headed ogres
  An ugly thing (D:11)
  Joseph (D:7)
  A gargoyle (D:11)
  An ice statue (D:10)
  Sigmund (D:5)
  19 yaks
  2 wraiths (D:10)
  A wyvern (D:9)
  Eustachio (D:5)
  4 vampire mosquitoes
  Menkaure (D:5)
  Edmund (D:5)
  2 two-headed ogre zombies (D:10)
  An orc warrior (D:6)
  4 sky beasts
  An ice beast (D:7)
  A black bear (D:7)
  An ogre (D:4)
  A centaur (D:5)
  4 phantoms
  2 kobold brigands
  4 bullfrogs
  A necrophage (D:4)
  5 scorpions
  2 gnoll sergeants
  9 wights
  4 troll zombies (D:10)
  6 killer bees
  8 howler monkeys
  6 electric eels (D:5)
  5 hounds
  2 jellies
  6 orc priests
  Crazy Yiuf (D:3)
  3 gnoll boudas
  4 iguanas
  8 orc wizards
  Ijyb (D:3)
  2 ogre zombies (D:10)
  26 gnolls
  6 adders
  3 shadow imps
  2 worms
  4 dart slugs
  31 orcs
  5 bats
  8 endoplasms
  13 giant cockroaches
  7 hobgoblins
  10 kobolds
  4 quokkas
  5 ball pythons
  3 frilled lizards
  7 goblins
  2 goblin skeletons (D:10)
  5 goblin zombies (D:10)
  A hobgoblin zombie (D:10)
  2 orc skeletons (D:10)
  15 orc zombies (D:10)
  4 rats
293 creatures vanquished.

Vanquished Creatures (others)
  A kobold (D:6)
  A fungus (D:3)
  11 plants
13 creatures vanquished.

Grand Total: 306 creatures vanquished

Table legend:
 A = Non-vault XP
 B = Vault XP
 C = Vault XP percentage of total XP
 D = Non-vault monster count
 E = Vault monster count
 F = Vault count percentage of total count
                 A         B        C        D         E       F
            +---------+---------+-------+---------+---------+-------
      Total |   12780 |    3394 |  21.0 |     227 |      66 |  22.5
            +---------+---------+-------+---------+---------+-------
        D:1 |      30 |       1 |   3.2 |      15 |       1 |   6.2
        D:2 |      36 |      16 |  30.8 |      13 |       8 |  38.1
        D:3 |      90 |      74 |  45.1 |      21 |       2 |   8.7
        D:4 |     918 |      36 |   3.8 |      36 |       2 |   5.3
        D:5 |     336 |    1202 |  78.2 |      10 |      13 |  56.5
        D:6 |    1255 |       0 |   0.0 |      35 |       0 |   0.0
        D:7 |     800 |     405 |  33.6 |      21 |       1 |   4.5
        D:8 |    1347 |       0 |   0.0 |      15 |       0 |   0.0
        D:9 |    3897 |       0 |   0.0 |      35 |       0 |   0.0
       D:10 |    1884 |    1660 |  46.8 |      15 |      39 |  72.2
       D:11 |    2187 |       0 |   0.0 |      11 |       0 |   0.0
            +---------+---------+-------+---------+---------+-------

Illustrated notes

Table legend:
 A = Kills in this place as a percentage of kills in entire the game.
 B = Kills by you in this place as a percentage of kills by you in the entire game.
 C = Kills by friends in this place as a percentage of kills by friends in the entire game.
 D = Other kills in this place as a percentage of other kills in the entire game.
 E = Experience gained in this place as a percentage of experience gained in the entire game.
 F = Experience gained in this place divided by the number of levels of this place that you have seen.
                   A       B       C       D       E      F
               +-------+-------+-------+-------+-------+----------------------
         Total | 100.0 | 100.0 |   N/A |   N/A | 100.0 | 1347.8
       Dungeon | 100.0 | 100.0 |   N/A |   N/A | 100.0 | 1470.4
               +-------+-------+-------+-------+-------+----------------------

Table legend: (Time is in decaauts)
 A = Elapsed time spent in this place.
 B = Non-inter-level travel time spent in this place.
 C = Inter-level travel time spent in this place.
 D = Time resting spent in this place.
 E = Time spent auto-exploring this place.
 F = Levels seen in this place.
 G = Mean time per level.
                   A        B        C        D        E       F      G
               +--------+--------+--------+--------+--------+-----+--------+
         Total |  12520 |  12227 |    293 |    692 |   9661 |  12 | 1043.3 |
       Dungeon |  12459 |  12174 |    285 |    692 |   9630 |  11 | 1132.6 |
        Temple |     61 |     54 |      7 |      0 |     31 |   1 |   61.0 |
               +--------+--------+--------+--------+--------+-----+--------+

Top non-repeatable levels by time:
    D:10: 1981 daAuts
     D:9: 1690 daAuts
     D:5: 1618 daAuts
     D:4: 1137 daAuts
     D:7: 1085 daAuts
     D:1: 1062 daAuts
     D:6: 1019 daAuts
     D:2: 904 daAuts
     D:3: 890 daAuts
     D:8: 737 daAuts
    D:11: 331 daAuts
  Temple: 61 daAuts
